 Dungeon Crawl Stone Soup version 0.22.0-5-gf09313c (webtiles) character file.

113601 olmar the Severer (level 16, -4/147 HPs)
             Began as a Hill Orc Fighter on Aug 13, 2018.
             Was the Champion of Beogh.
             Slain by a large abomination (23 damage)
             ... led by an Executioner
             ... on level 4 of the Abyss.
             The game lasted 00:54:29 (25259 turns).

olmar the Severer (Hill Orc Fighter)               Turns: 25259, Time: 00:54:30

Health: -4/147     AC: 23    Str: 30    XL:     16   Next: 63%
Magic:  22/22      EV: 11    Int:  6    God:    Beogh [******]
Gold:   2184       SH: 33    Dex: 10    Spells: 15/15 levels left

rFire    + + +     SeeInvis .   t - +3 war axe (chop)
rCold    + . .     Gourm    .   w - +10 large shield of Ignorance {rN+ Int-4}
rNeg     + . .     Faith    .   Q - +2 chain mail {rC+}
rPois    .         Spirit   .   u - +2 hat {Int+3}
rElec    .         Reflect  .   v - +2 cloak
rCorr    .         Harm     .   D - +1 pair of gloves "Uvouleaq" {rF++ Int-4}
MR       +....                  E - +0 pair of boots
Stlth    ..........             K - amulet of rage
HPRegen  0.00/turn              J - ring of protection from fire
MPRegen  0.18/turn              s - ring "Surexiz" {EV+2 Str+4 Int+3}

@: about to teleport
A: walk on water, inhibited regeneration
a: Smiting, Recall Orcish Followers, Give Item to Named Follower, Resurrection,
Renounce Religion, Evoke Berserk Rage


You were on level 4 of the Abyss.
You worshipped Beogh.
Beogh was exalted by your worship.
You were not hungry.

You visited 4 branches of the dungeon, and saw 23 of its levels.
You visited the Abyss 2 times.
You also visited: Bailey and Volcano.

You collected 2564 gold pieces.
You spent 380 gold pieces at shops.

Inventory:

Hand Weapons
 k - a +3 vampiric war axe
 t - a +3 war axe of chopping (weapon)
Armour
 q - a +0 chain mail of cold resistance
 u - a +2 hat of intelligence (worn)
 v - a +2 cloak (worn)
 w - the +10 large shield of Ignorance (worn) {rN+ Int-4}
   (You took it off an orc on level 4 of the Dungeon)

   It affects your intelligence (-4).
   It protects you from negative energy.
 D - the +1 pair of gloves "Uvouleaq" (worn) {rF++ Int-4}
   (You found it on level 5 of the Dungeon)

   It affects your intelligence (-4).
   It greatly protects you from fire.
 E - a +0 pair of boots (worn)
 Q - a +2 chain mail of cold resistance (worn)
Jewellery
 s - the ring "Surexiz" (right hand) {EV+2 Str+4 Int+3}
   (You bought it in a shop on level 2 of the Orcish Mines)

   [ring of evasion]

   It affects your evasion (+2).
   It affects your strength (+4).
   It affects your intelligence (+3).
 G - a +3 ring of intelligence
 J - a ring of protection from fire (left hand)
 K - an amulet of rage (around neck)
 P - an uncursed ring of protection from fire
Wands
 p - a wand of random effects (33)
 r - a wand of polymorph (40)
 x - a wand of scattershot (8)
 B - a wand of digging (54)
 L - a wand of iceblast (39)
 O - a wand of paralysis (21)
 R - a wand of flame (29)
 V - a wand of enslavement (36)
Scrolls
 e - 2 scrolls of magic mapping
 g - 8 scrolls of remove curse
 h - 3 scrolls of fog
 i - 5 scrolls of fear
 j - 6 scrolls of teleportation
 m - 3 scrolls of enchant armour
 y - 6 scrolls of immolation
 F - 7 scrolls of amnesia
 I - 2 scrolls of blinking
 M - a scroll of torment {unknown}
 N - 3 scrolls of vulnerability
 S - 2 scrolls of enchant weapon
 U - a scroll of identify
Potions
 a - 3 potions of lignification
 b - a potion of magic {unknown}
 d - 2 potions of might
 l - a potion of ambrosia
 n - 4 potions of curing
 o - 2 potions of cancellation
 z - 15 potions of degeneration
 A - 7 potions of flight
 C - 3 potions of mutation
 T - 3 potions of berserk rage
 W - 3 potions of brilliance
 X - a potion of agility
Miscellaneous
 c - a lightning rod (4/4)
 H - a lamp of fire (inert)
Comestibles
 f - 24 rations


   Skills:
 + Level 14.3 Fighting
 + Level 18.7 Axes
 + Level 11.4 Armour
 + Level 4.0 Dodging
 - Level 0.2 Stealth
 + Level 18.6 Shields
 - Level 0.1 Unarmed Combat
 + Level 9.3 Invocations


You had 15 spell levels left.
You didn't know any spells.
Your spell library contained the following spells:

 Spells                   Type           Power        Failure   Level  Hunger
 Magic Dart               Conj           #...         99%         1    ##.....
 Apportation              Tloc           #.....       99%         1    ##.....
 Conjure Flame            Conj/Fire      #.......     100%        3    ####...
 Slow                     Hex            #.......     99%         2    ###....
 Invisibility             Hex            #.......     100%        6    #######
 Freezing Cloud           Conj/Ice/Air   #.........   100%        6    #######
 Mephitic Cloud           Conj/Pois/Air  #.......     100%        3    ####...
 Ring of Flames           Chrm/Fire      #.........   100%        7    #######
 Summon Small Mammal      Summ           #...         99%         1    ##.....
 Blink                    Tloc           N/A          99%         2    ###....
 Animate Skeleton         Necr           N/A          99%         1    ##.....
 Call Imp                 Summ           #.......     99%         2    ###....
 Tukima's Dance           Hex            #.......     100%        3    ####...
 Summon Demon             Summ           #.........   100%        5    ######.
 Recall                   Summ/Tloc      N/A          100%        3    ####...
 Shadow Creatures         Summ           N/A          100%        6    #######
 Confusing Touch          Hex            #.....       99%         1    ##.....
 Summon Butterflies       Summ           #.......     99%         1    ##.....
 Alistair's Intoxication  Tmut/Pois      #.......     100%        5    ######.
 Aura of Abjuration       Summ           #.........   100%        5    ######.
 Summon Forest            Summ/Tloc      #.........   100%        5    ######.
 Summon Mana Viper        Hex/Summ       #.......     100%        5    ######.
 Lesser Beckoning         Tloc           #.........   100%        3    ####...
 Poisonous Vapours        Pois/Air       #.....       99%         2    ###....


Dungeon Overview and Level Annotations

Branches:
Dungeon (12/15)            Temple (0/1) D:7            Lair (6/6) D:9
  Swamp (0/4) Lair:4        Snake (0/4) Lair:3        Slime (0/5) Lair:5
    Orc (2/2) D:11            Elf (3/3) Orc:2

Altars:
Cheibriados
Dithmenos
Gozag
Hepliaklqana
Kikubaaqudgha
Nemelex Xobeh
Okawaru
Qazlal
Trog
Uskayaw
Vehumet
Wu Jian
Yredelemnul

Shops:
D:8 *   Orc:1 :   Orc:2 *=[(   Elf:1 }


Innate Abilities, Weirdness & Mutations

You can walk on water.
You do not regenerate when monsters are visible.


Message History

You block the Executioner's attack. x2
The Executioner hits you but does no damage.
A chaos spawn comes into view.
The purple very ugly thing closely misses you.
The large abomination hits you but does no damage.
The Executioner hits you but does no damage. x3
Unknown command.
The Executioner gestures at you. Pain shoots through your body!
* * * LOW HITPOINT WARNING * * *
Unknown command.
Unknown command.
The Executioner gestures at you. You resist with significant effort.
You block the Executioner's attack. x3
The large abomination hits you.
* * * LOW HITPOINT WARNING * * *
The Executioner hits you.
* * * LOW HITPOINT WARNING * * *
You block the Executioner's attack. x2; The large abomination hits you!!
You die... br

...# g a#.#
## ws.#
#u[u#4y# #
#44# ###uhx#
######.X####
.....Xu1.#
..#...#@##
..≈.≈.X.≈#
.......#.#
..#..## .≈ .
##≈ ... .
?... . ..#..
#. .####.


You could see a purple very ugly thing, a purple ugly thing, an Executioner, 3
large abominations, a chaos spawn, a worm shaped shifter and a worker ant shaped
shifter.

Vanquished Creatures
  Saint Roka (Elf:2)
  Gastronok (D:8)
  3 deep elf sorcerers
  3 deep elf elementalists (Elf:3)
  A very ugly thing (Abyss:4)
  A stone giant (Volcano)
  A deep elf demonologist (Elf:3)
  A deep elf annihilator (Elf:3)
  2 deep elf high priests (Elf:3)
  Josephine (D:10)
  2 hydras (Lair:6)
  Harold (D:11)
  3 catoblepae (Lair:6)
  6 death yaks (Lair:6)
  22 dancing weapons
  A two-headed ogre (D:8)
  3 thrashing horrors (Abyss:4)
  An orc high priest (Orc:2)
  11 deep elf knights
  A wretched star (Abyss:2)
  A sixfirhy (Abyss:3)
  An unseen horror (D:8)
  6 deep elf archers
  A wizard (Elf:1)
  11 starcursed masses
  Pikel (D:4)
  An orc knight (Orc:2)
  38 deep elf magi
  A necromancer (Lair:2)
  A cyclops (Orc:1)
  2 manticores (Lair:6)
  3 large abominations
  A worldbinder (Abyss:4)
  An apocalypse crab (Abyss:3)
  5 black mambas
  A smoke demon (Abyss:3)
  7 elephants (Lair:6)
  6 spiny frogs
  2 centaur skeletons (D:11)
  A gargoyle (Volcano)
  An efreet (Volcano)
  2 rime drakes
  A demonic crawler (Abyss:3)
  5 komodo dragons
  A meliai (shapeshifter) (Elf:1)
  4 polar bears
  3 ancient zymes
  A tengu conjurer (Elf:1)
  3 trolls
  6 hippogriffs
  2 water elementals
  2 air elementals
  7 wraiths
  2 fire bats (Abyss:3)
  A basilisk (Lair:6)
  33 yaks
  A wyvern (D:11)
  7 fire elementals
  A hungry ghost (D:7)
  2 vampire mosquitoes (Lair:4)
  2 neqoxecs (D:9)
  8 wargs
  Menkaure (D:7)
  A naga (Lair:3)
  4 porcupines
  6 water moccasins
  10 orc warriors
  4 black bears
  10 ice beasts
  2 necrophages
  A sky beast (D:7)
  A boggart (Elf:1)
  A wolf (Lair:2)
  3 centaurs
  5 ogres
  6 crocodiles
  2 big kobolds
  4 small abominations
  10 bullfrogs
  5 earth elementals
  7 scorpions
  4 wights (D:11)
  6 crimson imps
  A centaur zombie (D:6)
  3 quasits (D:9)
  A bullfrog zombie (D:6)
  3 hounds
  3 jellies
  Crazy Yiuf (D:3)
  3 bullfrog skeletons
  11 orc priests
  2 gnoll shamans
  Terence (D:2)
  3 iguanas
  7 orc wizards
  8 worker ants
  2 yak simulacra (Lair:2)
  2 polar bear simulacra (Lair:2)
  2 wolf simulacra (Lair:2)
  A hound skeleton (D:4)
  Robin (D:2)
  17 gnolls
  16 adders
  A howler monkey skeleton (D:8)
  2 shadow imps
  A white imp (Lair:6)
  An ufetubus (Abyss:3)
  An ooze (D:4)
  An adder zombie (D:6)
  4 adder skeletons
  2 worms
  3 dart slugs (D:1)
  7 leopard geckos
  32 orcs
  13 bats
  5 giant cockroaches
  22 goblins
  11 hobgoblins
  9 jackals
  16 kobolds
  3 quokkas
  4 ball pythons
  8 frilled lizards
  A giant cockroach zombie (D:6)
  A jackal zombie (D:7)
  A quokka skeleton (D:5)
  8 rats
  A crawling corpse (Elf:3)
  4 fungi
  5 plants
600 creatures vanquished.

Vanquished Creatures (collateral kills)
  Kirke (Lair:6)
  An orc warlord (Orc:2)
  A hydra (Lair:6)
  A two-headed ogre (D:9)
  A death yak (Lair:6)
  The ghost of zureal the Basher, a novice GrMo of Qazlal (D:9)
  An unseen horror (D:11)
  An orc knight (Orc:1)
  A deep elf archer (Elf:1)
  2 orc sorcerers
  2 oklob plants (Lair:5)
  3 elephants (Lair:6)
  2 black mambas
  An ice statue (Lair:6)
  2 rime drakes
  3 spiny frogs
  An ice devil (Lair:6)
  A polar bear (Lair:6)
  A troll (Orc:1)
  4 blink frogs (Lair:2)
  2 hippogriffs (D:11)
  17 yaks
  A basilisk (Lair:5)
  3 hogs (Lair:6)
  A wyvern (Lair:6)
  3 wargs
  A naga (Lair:3)
  2 water moccasins
  2 porcupines
  11 orc warriors
  2 ice beasts (Lair:6)
  A black bear (D:10)
  4 ogres
  2 wolves (Lair:2)
  6 crocodiles
  4 bullfrogs
  A scorpion (Lair:2)
  A wight (D:11)
  A crimson imp (D:10)
  A quasit (D:9)
  4 orc priests
  2 starcursed masses (Abyss:3)
  A hound (D:9)
  A bullfrog skeleton (D:9)
  A centaur skeleton (D:10)
  An iguana (D:11)
  An orc wizard (Elf:2)
  2 yak simulacra (Lair:2)
  3 polar bear simulacra (Lair:2)
  A worker ant (D:10)
  2 orcs
  A bat (Orc:2)
  2 bushes
  5 fungi
  A plant (Lair:5)
125 creatures vanquished.

Vanquished Creatures (others)
  4 orc high priests
  3 orc knights
  2 orc sorcerers
  7 orc warriors
  A slave (D:4)
  A centaur (D:5)
  A scorpion (D:4)
  6 orc priests
  7 orc wizards
  27 orcs
  A fire vortex (Abyss:3)
  4 fungi (Lair:6)
  6 plants (Lair:6)
70 creatures vanquished.

Grand Total: 795 creatures vanquished

Notes
Turn   | Place    | Note
-------+----------+-------------------------------------------
     0 | D:1      | olmar the Hill Orc Fighter began the quest for the Orb.
     0 | D:1      | Reached XP level 1. HP: 19/19 MP: 1/1
    45 | D:1      | Reached XP level 2. HP: 27/27 MP: 2/2
   214 | D:1      | Reached XP level 3. HP: 33/33 MP: 3/3
   610 | D:2      | Reached XP level 4. HP: 36/40 MP: 4/4
  1340 | D:2      | Found a hazy altar of Hepliaklqana.
  1340 | D:2      | Found a hide-covered altar of Uskayaw.
  1709 | D:3      | Noticed Robin
  1724 | D:2      | Killed Robin
  1724 | D:2      | Reached XP level 5. HP: 44/46 MP: 5/5
  1745 | D:3      | Noticed Terence
  1835 | D:2      | Killed Terence
  2042 | D:3      | Reached skill level 5 in Axes
  2147 | D:3      | Found a runed door.
  2489 | D:3      | Noticed Crazy Yiuf
  2496 | D:3      | Killed Crazy Yiuf
  2496 | D:3      | Reached XP level 6. HP: 25/53 MP: 6/6
  2863 | D:4      | Reached skill level 1 in Dodging
  3057 | D:4      | Found a shadowy altar of Dithmenos.
  3058 | D:4      | Noticed a slave
  3059 | D:4      | Noticed Pikel
  3059 | D:4      | Noticed a slave
  3091 | D:4      | Killed Pikel
  3091 | D:4      | Reached skill level 5 in Fighting
  3091 | D:4      | Reached skill level 5 in Armour
  3091 | D:4      | Reached skill level 5 in Shields
  3091 | D:4      | Reached XP level 7. HP: 43/61 MP: 7/7
  3420 | D:4      | Became a worshipper of Beogh the Brigand
  3512 | D:4      | Reached XP level 8. HP: 48/70 MP: 8/8
  4014 | D:5      | Entered Level 5 of the Dungeon
  4124 | D:5      | Found an ancient bone altar of Kikubaaqudgha.
  4125 | D:5      | Found a sparkling altar of Nemelex Xobeh.
  4127 | D:5      | Found an opulent altar of Gozag.
  4127 | D:5      | Found an iron altar of Okawaru.
  4143 | D:5      | Reached skill level 1 in Invocations
  4250 | D:5      | Got a pair of translucent gloves
  4256 | D:5      | Identified the +1 pair of gloves "Uvouleaq" {rF++ Int-4} (You found it on level 5 of the Dungeon)
  4256 | D:5      | Lost intelligence.
  4775 | D:6      | Found a stormy altar of Qazlal.
  4881 | D:6      | Found an ornate altar of the Wu Jian Council.
  4910 | D:6      | Reached * piety under Beogh
  4954 | D:6      | Found a snail-covered altar of Cheibriados.
  5051 | D:6      | Reached XP level 9. HP: 78/78 MP: 11/11
  5226 | D:6      | Reached skill level 10 in Axes
  5546 | D:7      | Found a staircase to the Ecumenical Temple.
  5568 | D:7      | Reached skill level 5 in Invocations
  5750 | D:7      | Found a basalt altar of Yredelemnul.
  5966 | D:7      | Noticed Menkaure
  5971 | D:7      | Killed Menkaure
  6034 | D:7      | Reached XP level 10. HP: 86/86 MP: 13/13
  6145 | D:8      | Found a bloodstained altar of Trog.
  6224 | D:8      | Reached ** piety under Beogh
  6237 | D:8      | Found a radiant altar of Vehumet.
  6264 | D:8      | Noticed a two-headed ogre
  6270 | D:8      | Killed a two-headed ogre
  6460 | D:8      | Noticed Gastronok
  6479 | D:8      | Killed Gastronok
  6846 | D:8      | Reached XP level 11. HP: 94/94 MP: 15/15
  6904 | D:8      | Found Qaufot's Assorted Antiques.
  6949 | D:8      | Reached skill level 10 in Shields
  7045 | D:8      | Reached *** piety under Beogh
  7094 | D:9      | Found a staircase to the Lair.
  7122 | D:8      | Killed an unseen horror
  7407 | D:9      | Reached **** piety under Beogh
  7488 | D:9      | Noticed a two-headed ogre
  7493 | D:9      | Killed a two-headed ogre
  7573 | D:9      | Found a transporter.
  7606 | D:9      | Found a transporter.
  7642 | D:9      | Noticed zureal's ghost (novice GrMo)
  7893 | D:10     | Entered Level 10 of the Dungeon
  8112 | D:9      | Gained mutation: You do not regenerate when monsters are visible. [a neqoxec]
  8140 | D:9      | Killed zureal's ghost
  8279 | D:10     | Reached ***** piety under Beogh
  8292 | D:10     | Noticed Josephine
  8301 | D:10     | Killed Josephine
  8576 | D:11     | Found a staircase to the Orcish Mines.
  8591 | D:11     | Found a flagged portal.
  8608 | Bailey   | Entered a bailey
  8617 | Bailey   | Noticed a deep elf mage
  8628 | Bailey   | Killed a deep elf mage
  8628 | Bailey   | Reached XP level 12. HP: 86/105 MP: 16/16
  8661 | Bailey   | Reached skill level 15 in Axes
  8677 | Bailey   | Reached skill level 10 in Fighting
  9112 | Bailey   | Noticed a deep elf knight
  9115 | Bailey   | Killed a deep elf knight
  9514 | D:11     | Noticed Harold
  9525 | D:11     | Killed Harold
  9559 | D:11     | Gained Orbeogh as an ally
 10176 | Orc:1    | Entered Level 1 of the Orcish Mines
 10248 | Orc:1    | Noticed a sun demon
 10928 | Orc:1    | Found Pasecem's Book Emporium.
 11069 | Orc:2    | Entered Level 2 of the Orcish Mines
 11069 | Orc:2    | Noticed an orc high priest
 11069 | Orc:2    | Noticed an orc high priest
 11070 | Orc:2    | Noticed an orc high priest
 11071 | Orc:2    | Noticed an orc warlord
 11175 | Orc:2    | Noticed an orc high priest
 11176 | Orc:2    | Noticed a soul eater
 11179 | Orc:2    | Noticed a soul eater
 11363 | Orc:1    | Your ally Orbeogh died
 11382 | Orc:1    | Reached XP level 13. HP: 81/114 MP: 18/18
 11779 | Orc:2    | Found Gatit's Antique Armour Shoppe.
 11785 | Orc:2    | Killed an orc warlord
 11785 | Orc:2    | Gained Olfrun as an ally
 11805 | Orc:2    | Found Ciatopas's Antique Weapon Shoppe.
 11918 | Orc:2    | Found a staircase to the Elven Halls.
 12163 | Orc:2    | Paralysed by an orc sorcerer for 6 turns
 12177 | Orc:2    | Found Ykked's Jewellery Shoppe.
 12197 | Orc:2    | Bought the ring "Surexiz" {EV+2 Str+4 Int+3} for 380 gold pieces
 12307 | Orc:2    | Found Hezifo's General Store.
 12779 | Lair:1   | Entered Level 1 of the Lair of Beasts
 12881 | Lair:1   | Found a dark tunnel.
 12896 | Volcano  | Entered a volcano
 12988 | Volcano  | Noticed a stone giant
 13001 | Volcano  | Killed a stone giant
 13187 | Lair:1   | Gained Hilgar as an ally
 14590 | Lair:3   | Found a staircase to the Snake Pit.
 14742 | Lair:3   | Reached ****** piety under Beogh
 14848 | Lair:3   | Gained Harm as an ally
 15235 | Lair:4   | Found a staircase to the Swamp.
 16081 | Lair:5   | Reached XP level 14. HP: 113/124 MP: 20/20
 16171 | Lair:5   | Found a radiant altar of Vehumet.
 16316 | Lair:5   | Found a staircase to the Slime Pits.
 16888 | Lair:6   | Entered Level 6 of the Lair of Beasts
 16937 | Lair:6   | Noticed Kirke
 16952 | Lair:6   | Killed Kirke
 16952 | Lair:6   | Reached skill level 15 in Shields
 17213 | Lair:6   | Your ally Hilgar died
 17851 | Lair:6   | Your ally Harm died
 18594 | Elf:1    | Entered Level 1 of the Elven Halls
 18632 | Elf:1    | Reached skill level 10 in Armour
 19103 | Elf:1    | Reached XP level 15. HP: 134/134 MP: 21/21
 19243 | Elf:1    | Found Pocupp's Gadget Emporium.
 19257 | Elf:1    | Found an ancient bone altar of Kikubaaqudgha.
 20088 | Elf:1    | Identified a scroll of acquirement
 20137 | Elf:1    | Noticed a deep elf sorcerer
 20141 | Elf:1    | Killed a deep elf sorcerer
 21669 | Elf:2    | Found a huge runed gate.
 21669 | Elf:2    | Found a huge runed gate.
 21669 | Elf:2    | Found a huge runed gate.
 21669 | Elf:2    | Found a huge runed gate.
 21669 | Elf:2    | Found a huge runed gate.
 23407 | Elf:2    | Noticed Saint Roka
 23427 | Elf:2    | Killed Saint Roka
 23445 | Elf:2    | Reached XP level 16. HP: 125/144 MP: 22/22
 23570 | Elf:3    | Entered Level 3 of the Elven Halls
 23641 | Elf:3    | Noticed a Brimstone Fiend
 23657 | Elf:3    | Cast into level 2 of the Abyss (a deep elf sorcerer)
 23715 | Elf:3    | Escaped the Abyss
 23735 | Elf:3    | Noticed a deep elf blademaster
 23735 | Elf:3    | Noticed a deep elf master archer
 23738 | Elf:3    | Noticed a deep elf blademaster
 24443 | Elf:3    | Found Qixailup's General Store.
 24505 | Elf:3    | Cast into level 2 of the Abyss (a deep elf demonologist)
 24755 | Abyss:3  | Paralysed by you for 2 turns
 24925 | Abyss:3  | Found a corrupted altar of Lugonu.
 24950 | Abyss:3  | Gained Ogrik as an ally
 24950 | Abyss:3  | Gained Jorge as an ally
 25157 | Abyss:3  | Your ally Ogrik died
 25248 | Abyss:4  | Noticed an Executioner
 25259 | Abyss:4  | Slain by a large abomination

Skill      XL: |  1  2  3  4  5  6  7  8  9 10 11 12 13 14 15 16 |
---------------+-------------------------------------------------+-----
Fighting       | 4 5 6 7 8 9 10 11 12 13 14 | 14.3
Axes           | 3 4 5 7 9 11 13 14 15 16 17 18 | 18.7
Armour         | 4 5 6 7 9 10 11 | 11.4
Shields        | 4 5 6 8 9 11 13 14 16 17 18 | 18.6
Dodging        | 1 2 3 4 |  4.0
Invocations    | 3 5 7 8 9 |  9.3
Stealth        | |  0.2
Unarmed Combat | |  0.1

Action                   |  1- 3 |  4- 6 |  7- 9 | 10-12 | 13-15 | 16-18 || total
-------------------------+-------+-------+-------+-------+-------+-------++-------
Melee: War axe           |    89 |   221 |   294 |   491 |   996 |   299 ||  2390
       Unarmed           |       |    20 |       |       |       |       ||    20
Invok: Convert to Beogh  |       |       |     1 |       |       |       ||     1
       Smiting           |       |       |       |     5 |    19 |     4 ||    28
       Give Item to Name |       |       |       |       |     2 |       ||     2
Evoke: Wand              |       |       |       |     3 |    12 |       ||    15
       Lamp of fire      |       |       |       |     1 |     2 |     1 ||     4
  Use: Scroll            |       |       |     1 |    16 |     9 |     4 ||    30
       Potion            |       |       |       |     6 |     7 |     3 ||    16
 Stab: Distracted        |       |       |       |     5 |     7 |     1 ||    13
       Paralysed         |       |       |       |     3 |     5 |       ||     8
       Held in net/web   |       |       |       |       |       |     1 ||     1
  Eat: Chunk             |       |     7 |    11 |    10 |    17 |     3 ||    48
       Ration            |       |       |     2 |     2 |     7 |     2 ||    13
Armor: Scale mail        |    62 |    44 |       |       |       |       ||   106
       Plate armour      |       |    91 |    67 |   155 |     5 |       ||   318
       Skin              |       |     1 |       |       |       |       ||     1
       Chain mail        |       |       |       |       |   140 |    71 ||   211
Dodge: Dodged            |    35 |    62 |     8 |    30 |    98 |    30 ||   263
Block: Shield            |    42 |   134 |     2 |       |       |       ||   178
       Large shield      |       |       |   299 |   601 |  1045 |   318 ||  2263
